 Dungeon Crawl Stone Soup version 0.25.1-9-gc5326a611f (webtiles) character file.

Game seed: 2964698982181929914

332401 funkygono the Hoplite (level 20, -9/187 HPs)
             Began as a Minotaur Fighter on Dec 29, 2020.
             Was a High Priest of Okawaru.
             Killed from afar by an ogre mage (19 damage)
             ... with a bolt of lightning
             ... on level 4 of the Vaults on Dec 30, 2020.
             The game lasted 02:52:13 (53961 turns).

funkygono the Hoplite (Minotaur Fighter)           Turns: 53961, Time: 02:52:14

Health: -9/187     AC: 43    Str: 28    XL:     20   Next: 89%
Magic:  39/42      EV: 13    Int: 21    God:    Okawaru [*****.]
Gold:   1526       SH: 32    Dex: 14    Spells: 19/19 levels left

rFire    . . .     SeeInvis .   a - +8 mace of Vutopt {venom, +Fly rN+ MR+ MP+9}
rCold    . . .     Gourm    .   i - +0 tower shield
rNeg     + + .     Faith    .   g - +4 crystal plate armour
rPois    +         Spirit   .   s - +1 hat {Int+3}
rElec    .         Reflect  +   D - +2 cloak
rCorr    .         Harm     .   o - +2 pair of gloves of Valiance {Dex+4}
MR       ++...                  B - +2 pair of boots {run}
Stlth    ..........             t - amulet of reflection
HPRegen  0.41/turn              n - ring "Nienkole" {+Inv rN+ MP+9 Int+6}
MPRegen  0.28/turn              v - ring "Ohouz" {rPois Int+9 Stlth+}

@: about to teleport, heroism, studying 2 skills, lightly drained, quick
A: retaliatory headbutt, horns 2, clumsy 1, dopey 1
}: 2/15 runes: decaying, serpentine
a: Heroism, Finesse, Renounce Religion, Evoke Invisibility, Evoke Flight


You were on level 4 of the Vaults.
You worshipped Okawaru.
Okawaru was extremely pleased with you.
You were not hungry.

You visited 6 branches of the dungeon, and saw 35 of its levels.
You also visited: Bailey.

You collected 3829 gold pieces.
You spent 2303 gold pieces at shops.

Inventory:

Hand Weapons
 a - the +8 mace of Vutopt (weapon) {venom, +Fly rN+ MR+ MP+9}
   (Okawaru gifted it to you on level 2 of the Vaults)

   It poisons the flesh of those it strikes.
   It protects you from negative energy.
   It affects your resistance to hostile enchantments.
   It affects your magic capacity (+9).
   It lets you fly.
 b - a +9 hand crossbow of freezing
 A - a +9 mace of protection
Missiles
 G - 891 bolts
Armour
 g - a +4 crystal plate armour (worn)
 i - a +0 tower shield (worn)
 o - the +2 pair of gloves of Valiance (worn) {Dex+4}
   (You found it on level 2 of the Swamp)

   It affects your dexterity (+4).
 s - a +1 hat of intelligence (worn)
 B - a +2 pair of boots of running (worn)
 D - a +2 cloak (worn)
 E - +2 storm dragon scales
 Q - +0 ice dragon scales
Jewellery
 e - a +6 ring of dexterity
 m - an uncursed amulet of regeneration
 n - the ring "Nienkole" (left hand) {+Inv rN+ MP+9 Int+6}
   (You found it on level 1 of the Vaults)

   [ring of intelligence]

   It affects your intelligence (+6).
   It protects you from negative energy.
   It affects your magic capacity (+9).
   It lets you turn invisible.
 t - an amulet of reflection (around neck)
 v - the ring "Ohouz" (right hand) {rPois Int+9 Stlth+}
   (You found it in a bailey)

   [ring of stealth]

   It affects your intelligence (+9).
   It protects you from poison.
   It makes you more stealthy.
 H - a +4 ring of evasion
 J - an uncursed ring of resist corrosion
 O - an uncursed ring of flight
Wands
 d - a wand of enslavement (26)
 l - a wand of flame (84)
 C - a wand of digging (5)
 F - a wand of disintegration (57)
 I - a wand of iceblast (25)
 L - a wand of acid (25)
 R - a wand of paralysis (11)
Scrolls
 j - 4 scrolls of magic mapping
 k - 5 scrolls of identify
 q - 4 scrolls of blinking
 w - 16 scrolls of remove curse
 y - 4 scrolls of fog
 z - 5 scrolls of teleportation
Potions
 c - a potion of stabbing {unknown}
 h - 8 potions of curing
 p - 2 potions of lignification
 u - 3 potions of haste
 x - 4 potions of mutation
 N - 2 potions of flight
 P - a potion of brilliance
 S - a potion of ambrosia {unknown}
Books
 K - a manual of Maces & Flails
 M - a manual of Stealth
Comestibles
 f - 46 rations
 r - 15 chunks of flesh


   Skills:
 + Level 18.0(22.8) Fighting
 + Level 18.3(23.2) Maces & Flails
   Level 12.2(17.1) Slings
 * Level 14.8(19.6) Crossbows
 + Level 15.3(20.2) Armour
 + Level 8.0(12.9) Dodging
 + Level 5.8(10.7) Stealth
 + Level 25.1(26.8) Shields
 + Level 0.8(5.7) Unarmed Combat
 + Level 7.7(7.6) Invocations


You had 19 spell levels left.
You didn't know any spells.
Your spell library contained the following spells:

 Spells                   Type           Power        Failure   Level  Hunger
 Animate Skeleton         Necr           N/A          90%         1    ##.....
 Apportation              Tloc           #.....       90%         1    ##.....
 Corona                   Hex            #......      90%         1    ##.....
 Foxfire                  Conj/Fire      #...         90%         1    ##.....
 Freeze                   Ice            #...         90%         1    ##.....
 Magic Dart               Conj           #...         90%         1    ##.....
 Summon Butterflies       Summ           #.......     90%         1    ##.....
 Summon Small Mammal      Summ           #...         90%         1    ##.....
 Ensorcelled Hibernation  Hex/Ice        #.....       97%         2    ###....
 Searing Ray              Conj           #.....       97%         2    ###....
 Confusing Touch          Hex            #.......     99%         3    ####...
 Conjure Flame            Conj/Fire      #.......     99%         3    ####...
 Dazzling Flash           Conj/Hex       #.....       99%         3    ####...
 Frozen Ramparts          Ice            #.....       99%         3    ####...
 Gell's Gravitas          Tloc           #.........   99%         3    ####...
 Inner Flame              Hex/Fire       #.......     99%         3    ####...
 Lesser Beckoning         Tloc           #.........   99%         3    ####...
 Ozocubu's Armour         Chrm/Ice       #.......     99%         3    ####...
 Tukima's Dance           Hex            #.......     99%         3    ####...
 Cause Fear               Hex            #.........   100%        4    #####..
 Fulminant Prism          Conj/Hex       #.........   100%        4    #####..
 Hailstorm                Conj/Ice       #.......     100%        4    #####..
 Iskenderun's Mystic Bla  Conj/Tloc      #.......     100%        4    #####..
 Petrify                  Tmut/Erth      #.......     100%        4    #####..
 Sticky Flame             Conj/Fire      #.......     100%        4    #####..
 Summon Ice Beast         Ice/Summ       #.......     100%        4    #####..
 Alistair's Intoxication  Tmut/Pois      #.......     100%        5    ######.
 Bolt of Magma            Conj/Fire/Erth #.........   100%        5    ######.
 Borgnjor's Vile Clutch   Necr/Erth      #.........   100%        5    ######.
 Fireball                 Conj/Fire      #.........   100%        5    ######.
 Iskenderun's Battlesphe  Conj/Chrm      #.......     100%        5    ######.
 Metabolic Englaciation   Hex/Ice        #.........   100%        5    ######.
 Silence                  Hex/Air        #.........   100%        5    ######.
 Yara's Violent Unravell  Hex/Tmut       #.........   100%        5    ######.
 Darkness                 Hex            #.........   100%        6    #######
 Invisibility             Hex            #.......     100%        6    #######
 Iron Shot                Conj/Erth      #.........   100%        6    #######
 Shadow Creatures         Summ           N/A          100%        6    #######
 Orb of Destruction       Conj           #.........   100%        7    #######
 Spellforged Servitor     Conj/Summ      #.........   100%        7    #######
 Discord                  Hex            #.........   100%        8    #######


Dungeon Overview and Level Annotations

Branches:
Dungeon (15/15)            Temple (0/1) D:5            Lair (6/6) D:8
  Swamp (4/4) Lair:4        Snake (4/4) Lair:3        Slime (0/5) Lair:6
    Orc (2/2) D:9             Elf (0/3) Orc:2        Vaults (4/5) D:14
  Crypt (0/3) Vaults:2     Depths (0/5) D:15         Bailey (visited)

Altars:
Ashenzari
Cheibriados
Elyvilon
Fedhas
Gozag
Kikubaaqudgha
Nemelex Xobeh
Okawaru
Ru
Sif Muna
Trog
Uskayaw
Vehumet
Wu Jian
Xom
The Shining One
Beogh

Shops:
D:6 [   Orc:2 ([[?   Snake:2 (}   Vaults:3 %=(*}


Innate Abilities, Weirdness & Mutations

You reflexively headbutt those who attack you in melee.
You have a pair of horns on your head.
You are clumsy. (Dex -2)
You are dopey. (Int -2)


Message History

Something is bathed in an unholy light!
The vault guard convulses!
Your body is wracked with pain!
* * * LOW HITPOINT WARNING * * *
You feel better. You block the ogre mage's attack.
The deep elf death mage points at you and mumbles some strange words.
The bolt of negative energy hits the Brimstone Fiend.
The Brimstone Fiend completely resists.
The bolt of negative energy hits the sun demon.
The sun demon completely resists.
The bolt of negative energy hits you but does no damage.
You partially resist.
You feel drained. You block the sun demon's attack.
The ironbrand convoker points at the earth elemental and mumbles some strange words.
The earth elemental seems to grow stronger.
The hellwing hits you!
* * * LOW HITPOINT WARNING * * *
You block the hellwing's attack. The ogre mage casts a spell at you.
The bolt of lightning hits the sun demon!
The sun demon resists.
The bolt of lightning hits you!!
You die...

#......#........#)^....#
#...<.†#....)..[)....>.#
#......'........#).....#
#......#........#......#
#......#........#......#
#......##########......#
######## #......#
####################'####
..2epx{p@..*.............
..1E4(134................
..ep*eO.*................
.((#############.........
.. #......... .
#......... #........)
#......... #.........


You could see an ironheart preserver, 2 Brimstone Fiends, a vault guard (strong,
sheltered, very poisoned), a deep elf death mage (sheltered), an ogre mage
(fast, strong, sheltered), a sun demon (summoned, sheltered), a deep elf
demonologist (sheltered), an orange demon (summoned, strong, sheltered), an
ironbrand convoker (sheltered), an earth elemental (summoned, strong,
sheltered), a hellwing (summoned, strong, sheltered), a deep elf mage
(sheltered), a tormentor (summoned, sheltered), 3 lost souls and a crawling
corpse (strong, sheltered).

Vanquished Creatures
  Sojobo (Vaults:3)
  Margery (Vaults:4)
  Vashnia (Snake:4)
  Rupert (D:14)
  2 thorn hunters (Swamp:4)
  2 tengu reavers (Vaults:3)
  A storm dragon (Vaults:1)
  Kirke (Snake:2)
  3 frost giants
  A fire giant (Vaults:1)
  7 nagarajas
  8 vault wardens
  Aizul (Snake:4)
  A deep elf sorcerer (Vaults:2)
  A ghoul (Vaults:3)
  Louise (D:14)
  13 ironheart preservers
  A war gargoyle (Vaults:2)
  A stone giant (Vaults:3)
  2 very ugly things
  A deep elf demonologist (Vaults:3)
  An entropy weaver (Vaults:1)
  Azrael (D:14)
  2 deep elf annihilators (Vaults:2)
  2 ettins
  A deep elf death mage (Vaults:3)
  4 fire dragons
  3 great orbs of eyes
  3 ice dragons
  Harold (D:9)
  A rakshasa (Vaults:2)
  5 yaktaur captains
  20 hydras
  16 naga warriors
  14 anacondas
  7 vault guards
  4 ghost crabs
  5 shambling mangroves
  5 centaur warriors
  15 alligators
  35 two-headed ogres
  A catoblepas (Lair:2)
  9 ogre magi
  5 deep troll shamans
  2 death knights
  A vampire mage (Vaults:2)
  2 deep troll earth magi
  6 orc high priests (Orc:2)
  A spriggan berserker (Swamp:3)
  5 hell knights (Vaults:4)
  9 shock serpents
  The ghost of sqayer666 the Carver, a novice MfGl of the Shining One (D:11)
  Nergalle (Lair:2)
  17 naga sharpshooters
  A storm dragon zombie (Vaults:3)
  3 deep elf knights
  A salamander mystic (Snake:3)
  7 skeletal warriors
  2 unseen horrors
  A glowing orange brain (Vaults:1)
  An entropy weaver zombie (Vaults:1)
  10 naga ritualists
  3 flayed ghosts (Vaults:3)
  12 ironbrand convokers
  3 spriggan druids
  8 swamp dragons
  3 deep elf archers
  9 deep trolls
  5 harpies (Vaults:3)
  4 wizards
  6 necromancers
  A lindwurm (Lair:6)
  21 orc knights
  12 mana vipers
  Pikel (D:5)
  A glowing shapeshifter (Vaults:2)
  2 phantasmal warriors
  2 manticores
  2 oklob plants
  A wolf spider (Vaults:3)
  11 deep elf magi
  35 ugly things
  3 orc sorcerers
  4 cyclopes
  5 elephants (Lair:6)
  9 salamanders
  44 black mambas
  3 guardian serpents
  9 vault sentinels
  13 spiny frogs
  A spiny frog (shapeshifter) (D:14)
  A torpor snail (shapeshifter) (Vaults:3)
  23 naga magi
  A gargoyle (D:11)
  2 efreet
  24 yaktaurs
  3 molten gargoyles (Lair:6)
  A rime drake (Lair:6)
  4 kobold demonologists
  6 freezing wraiths
  A redback zombie (D:15)
  A komodo dragon (shapeshifter) (Vaults:1)
  11 komodo dragons
  A queen bee (D:14)
  4 trolls
  7 polar bears
  24 hornets
  Prince Ribbit (D:8)
  A wind drake (shapeshifter) (Vaults:4)
  7 bog bodies
  38 slime creatures
  12 tyrant leeches
  A human simulacrum (Vaults:1)
  A dream sheep (shapeshifter) (Vaults:1)
  11 hippogriffs
  A raiju (shapeshifter) (Vaults:3)
  13 blink frogs
  A redback (shapeshifter) (Vaults:2)
  4 redbacks (Vaults:1)
  A spriggan (shapeshifter) (Vaults:1)
  12 spriggans
  9 wyverns
  3 vampires (Vaults:2)
  9 yaks
  3 shadows
  6 wraiths
  A yak (shapeshifter) (D:14)
  Grum (D:11)
  2 hogs (shapeshifter)
  5 hungry ghosts
  7 basilisks
  2 fire elementals (D:14)
  11 wargs
  4 steam dragons
  30 vampire mosquitoes
  An elf zombie (Vaults:1)
  15 swamp worms
  An acid dragon (Vaults:2)
  47 nagas
  14 insubstantial wisps
  A soldier ant (D:12)
  Duvessa (D:5)
  5 water moccasins
  8 hell hounds
  16 swamp drakes
  10 porcupines
  An ogre skeleton (Vaults:1)
  49 orc warriors
  2 phantoms
  4 ice beasts
  7 sky beasts
  An ettin simulacrum (Vaults:1)
  A slave (D:5)
  A necrophage (D:3)
  2 black bears
  2 human zombies
  2 human skeletons
  28 ogres
  10 centaurs
  5 boggarts (D:15)
  12 wolves
  6 crocodiles
  A yaktaur zombie (Vaults:1)
  5 big kobolds
  11 bullfrogs
  An elf simulacrum (Vaults:1)
  Dowan (D:5)
  A yaktaur skeleton (Vaults:1)
  A glowing shapeshifter simulacrum (Vaults:3)
  A water moccasin zombie (D:4)
  4 scorpions
  22 killer bees
  An electric eel (Lair:4)
  4 wights (D:14)
  5 howler monkeys
  6 centaur zombies
  A crimson imp (D:6)
  4 bullfrog zombies
  5 lava snakes (Lair:6)
  9 hounds
  2 jellies
  2 bullfrog skeletons
  50 orc priests
  35 orc wizards
  4 centaur skeletons
  Jessica (D:2)
  Terence (D:3)
  6 iguanas
  Natasha (thrice) (D:2)
  9 worker ants
  A hell rat (Lair:6)
  2 hound zombies (D:4)
  Robin (D:2)
  8 gnolls
  A howler monkey zombie (D:8)
  3 worker ant zombies
  10 adders
  5 river rats (Lair:6)
  6 shadow imps
  3 adder zombies (D:4)
  An adder skeleton (D:5)
  2 worms
  2 dart slugs
  2 leopard geckos
  132 orcs
  3 giant cockroaches
  21 goblins
  9 hobgoblins
  10 jackals
  5 quokkas
  9 bats
  4 frilled lizards
  2 giant cockroach zombies (D:4)
  2 jackal skeletons
  45 kobolds
  A leopard gecko skeleton (D:4)
  3 leopard gecko zombies
  2 quokka zombies (D:4)
  12 rats
  A bush (Lair:1)
  A crawling corpse (Vaults:4)
  4 plants
1587 creatures vanquished.

Vanquished Creatures (others)
  An ogre mage (Vaults:2)
  An unseen horror (Vaults:1)
  A swamp dragon (Swamp:4)
  A naga mage (Snake:4)
  A hornet (Swamp:3)
  3 humans (Snake:2)
  A vampire mosquito (Swamp:4)
  An eye of draining (D:9)
  An orc wizard (D:6)
  An orc (Vaults:3)
  A kobold (D:12)
  A fungus (Lair:6)
  2 plants
16 creatures vanquished.

Grand Total: 1603 creatures vanquished

Notes
Turn   | Place    | Note
-------+----------+-------------------------------------------
     0 | D:1      | funkygono the Minotaur Fighter began the quest for the Orb.
     0 | D:1      | Reached XP level 1. HP: 19/19 MP: 0/0
    81 | D:1      | Reached XP level 2. HP: 27/27 MP: 1/1
   160 | D:1      | You fall into a shaft and drop 1 floor!
   164 | D:2      | Reached skill level 4 in Shields
   212 | D:2      | Noticed Robin
   236 | D:2      | Killed Robin
   236 | D:2      | Reached XP level 3. HP: 31/33 MP: 2/2
   293 | D:2      | Noticed Jessica
   314 | D:2      | Reached skill level 1 in Dodging
   317 | D:2      | Killed Jessica
   317 | D:2      | Reached XP level 4. HP: 21/40 MP: 3/3
  1029 | D:2      | Noticed Natasha
  1033 | D:2      | Killed Natasha
  1058 | D:2      | Reached XP level 5. HP: 46/47 MP: 4/4
  1102 | D:2      | Noticed Natasha
  1113 | D:2      | Killed Natasha
  1199 | D:2      | Noticed Natasha
  1205 | D:2      | Killed Natasha
  1230 | D:2      | Found an ancient bone altar of Kikubaaqudgha.
  1323 | D:2      | Found a sparkling altar of Nemelex Xobeh.
  1342 | D:2      | Found a bloodstained altar of Trog.
  1501 | D:3      | Noticed Terence
  1519 | D:3      | Killed Terence
  1519 | D:3      | Reached skill level 5 in Shields
  1569 | D:3      | Found a bloodstained altar of Trog.
  1710 | D:3      | Reached XP level 6. HP: 53/53 MP: 5/5
  1800 | D:3      | Reached skill level 5 in Maces & Flails
  1801 | D:3      | Reached skill level 5 in Armour
  2207 | D:3      | Found a glowing golden altar of the Shining One.
  2449 | D:4      | Found an iron altar of Okawaru.
  2504 | D:3      | Reached skill level 5 in Fighting
  2504 | D:3      | Reached XP level 7. HP: 36/60 MP: 6/6
  2663 | D:4      | Became a worshipper of Warmaster Okawaru
  2670 | D:4      | Got a smoking hand axe
  3161 | D:4      | Reached skill level 1 in Slings
  3356 | D:4      | Reached * piety under Okawaru
  3434 | D:5      | Entered Level 5 of the Dungeon
  3438 | D:5      | Reached skill level 6 in Shields
  3438 | D:5      | Reached XP level 8. HP: 68/68 MP: 7/7
  3679 | D:5      | Found a radiant altar of Vehumet.
  3850 | D:5      | Noticed Duvessa
  3850 | D:5      | Noticed Dowan
  3871 | D:5      | Killed Duvessa
  3889 | D:5      | Killed Dowan
  3982 | D:5      | Found a staircase to the Ecumenical Temple.
  4189 | D:5      | Noticed Pikel
  4211 | D:5      | Killed Pikel
  4211 | D:5      | Reached ** piety under Okawaru
  4211 | D:5      | Reached skill level 7 in Shields
  4405 | D:5      | Found a shattered altar of Ashenzari.
  4407 | D:5      | Found a hazy altar of Hepliaklqana.
  4407 | D:5      | Found an ornate altar of the Wu Jian Council.
  4409 | D:5      | Found a sacrificial altar of Ru.
  4409 | D:5      | Found a shimmering altar of Xom.
  4409 | D:5      | Found a hide-covered altar of Uskayaw.
  4660 | D:6      | Reached XP level 9. HP: 53/74 MP: 8/8
  5057 | D:6      | Found a shimmering blue altar of Sif Muna.
  5422 | D:6      | Found a white marble altar of Elyvilon.
  5433 | D:6      | Found Hazxysi's Armour Shoppe.
  5444 | D:6      | Bought a +0 cloak for 63 gold pieces
  5910 | D:7      | Reached skill level 5 in Slings
  6443 | D:7      | Found a hide-covered altar of Uskayaw.
  6444 | D:7      | Noticed a +0 hand axe
  6445 | D:7      | Noticed a +0 dagger
  6874 | D:8      | Noticed Prince Ribbit
  6890 | D:8      | Killed Prince Ribbit
  6890 | D:8      | Reached skill level 8 in Shields
  6906 | D:8      | Found a staircase to the Lair.
  6991 | D:8      | Found an ornate altar of the Wu Jian Council.
  7003 | D:8      | Reached skill level 5 in Dodging
  7046 | D:8      | Reached *** piety under Okawaru
  7053 | D:8      | Reached XP level 10. HP: 76/85 MP: 9/9
  7437 | Lair:1   | Entered Level 1 of the Lair of Beasts
  7466 | Lair:1   | Noticed a five-headed hydra
  7472 | Lair:1   | Killed a five-headed hydra
  7785 | Lair:1   | Noticed an oklob plant
  8078 | Lair:1   | Noticed a black mamba
  8098 | Lair:1   | Killed a black mamba
  8098 | Lair:1   | Reached **** piety under Okawaru
  8787 | Lair:2   | Noticed a spiny frog
  8794 | Lair:2   | Killed a spiny frog
  8794 | Lair:2   | Received a gift from Okawaru
  8794 | Lair:2   | Reached skill level 9 in Shields
  9320 | Lair:2   | Noticed Nergalle
  9325 | Lair:2   | Noticed a catoblepas
  9343 | Lair:2   | Killed Nergalle
  9343 | Lair:2   | Received a gift from Okawaru
  9369 | Lair:2   | Killed a catoblepas
  9369 | Lair:2   | Reached ***** piety under Okawaru
  9369 | Lair:2   | Reached XP level 11. HP: 66/94 MP: 10/10
 10154 | Lair:3   | Reached skill level 10 in Shields
 10428 | Lair:3   | Reached skill level 10 in Maces & Flails
 10746 | Lair:3   | Found a staircase to the Snake Pit.
 11158 | Lair:4   | Received a gift from Okawaru
 11629 | Lair:4   | Found a staircase to the Swamp.
 12510 | Lair:5   | Got a jewelled mace
 12511 | Lair:5   | Identified the +5 mace "Jotion" {holy, *Rage rF+ Dex+4}
                  | (You found it on level 5 of the Lair of Beasts)
 12557 | Lair:5   | Reached skill level 11 in Shields
 12663 | Lair:5   | Reached skill level 10 in Slings
 13057 | Lair:5   | Noticed a five-headed hydra
 13066 | Lair:5   | Killed a five-headed hydra
 13066 | Lair:5   | Received a gift from Okawaru
 13066 | Lair:5   | Reached skill level 1 in Invocations
 13066 | Lair:5   | Reached XP level 12. HP: 105/105 MP: 8/11
 13069 | Lair:5   | Got a slimy scale mail {god gift}
 13085 | Lair:5   | Identified the +0 scale mail of the Tortoise {+Blink rF+}
                  | (Okawaru gifted it to you on level 5 of the Lair of Beasts)
 13285 | Lair:6   | Entered Level 6 of the Lair of Beasts
 13342 | Lair:6   | Reached skill level 10 in Armour
 13520 | Lair:6   | Found a staircase to the Slime Pits.
 13755 | Lair:6   | Reached skill level 10 in Fighting
 13755 | Lair:6   | Reached skill level 1 in Stealth
 14439 | Lair:6   | Found a large runed translucent door.
 14439 | Lair:6   | Noticed a fire dragon
 14441 | Lair:6   | Found a large runed translucent door.
 14544 | Lair:6   | Reached skill level 12 in Shields
 15000 | Lair:6   | Noticed a four-headed hydra
 15010 | Lair:6   | Killed a four-headed hydra
 15010 | Lair:6   | Received a gift from Okawaru
 15403 | Lair:6   | Received a gift from Okawaru
 15551 | Lair:6   | Reached XP level 13. HP: 114/114 MP: 13/13
 15671 | Lair:6   | Killed a fire dragon
 15997 | D:8      | Identified the cursed +1 hand axe "Xihel" {holy, Dex+5
                  | Stlth-} (You found it on level 4 of the Dungeon)
 16094 | D:9      | Found a staircase to the Orcish Mines.
 16127 | D:9      | Found an opulent altar of Gozag.
 16174 | D:9      | Received a gift from Okawaru
 16306 | D:9      | Received a gift from Okawaru
 16512 | D:9      | Found a flagged portal.
 16531 | Bailey   | Entered a bailey
 16576 | Bailey   | Got a warped plate armour
 16587 | Bailey   | Identified the +1 plate armour "Gusuk" {*Contam rN+ Dex+6
                  | Stlth+} (You found it in a bailey)
 16592 | Bailey   | Got a slimy lead ring
 16594 | Bailey   | Identified the ring "Ohouz" {rPois Int+9 Stlth+} (You found
                  | it in a bailey)
 16665 | Bailey   | Found a bloodstained altar of Trog.
 16749 | Bailey   | Got a masterwork scale mail
 16750 | Bailey   | Identified the +4 scale mail "Uniong" {rPois rC+++ Regen+
                  | Stlth+} (You found it in a bailey)
 16874 | D:9      | Found a snail-covered altar of Cheibriados.
 17137 | D:9      | Noticed Harold
 17158 | D:9      | Killed Harold
 17213 | D:9      | Found an iron altar of Okawaru.
 17586 | Snake:1  | Entered Level 1 of the Snake Pit
 17659 | Swamp:1  | Entered Level 1 of the Swamp
 17980 | Swamp:1  | Received a gift from Okawaru
 18081 | Swamp:1  | Received a gift from Okawaru
 18145 | Swamp:1  | Reached skill level 13 in Shields
 18505 | Swamp:1  | You fall into a shaft and drop 1 floor!
 18769 | Swamp:2  | Received a gift from Okawaru
 19138 | Swamp:2  | Reached XP level 14. HP: 90/126 MP: 13/15
 20093 | Swamp:2  | Got a pair of bloodstained gloves
 20104 | Swamp:2  | Identified the +2 pair of gloves of Valiance {Dex+4} (You
                  | found it on level 2 of the Swamp)
 20130 | Swamp:2  | Received a gift from Okawaru
 20143 | Swamp:2  | Identified a +0 pair of boots of running (Okawaru gifted it
                  | to you on level 2 of the Swamp)
 20389 | Swamp:2  | Got a scorched turquoise ring
 20403 | Swamp:2  | Identified the ring "Ulicwe" {Ice rN+} (You found it on
                  | level 2 of the Swamp)
 20432 | Swamp:2  | Reached skill level 14 in Shields
 21848 | Orc:1    | Entered Level 1 of the Orcish Mines
 22353 | Orc:1    | Found a roughly hewn altar of Beogh.
 22530 | Orc:2    | Entered Level 2 of the Orcish Mines
 22736 | Orc:2    | Found a roughly hewn altar of Beogh.
 23099 | Orc:2    | Found Tost's Armour Shoppe.
 23237 | Orc:2    | Found Pearid's Antique Weapon Shop.
 23712 | Orc:2    | Received a gift from Okawaru
 23712 | Orc:2    | Reached skill level 15 in Shields
 24295 | Orc:2    | Found a staircase to the Elven Halls.
 24380 | Orc:2    | Found Gigedounn's Antique Armour Shop.
 24484 | Orc:2    | Found Joqiregu's Magic Scroll Shoppe.
 24568 | Orc:2    | Gained mutation: You are clumsy. (Dex -2) [a neqoxec]
 24929 | Orc:2    | Bought a scroll of enchant armour for 82 gold pieces
 25306 | D:10     | Entered Level 10 of the Dungeon
 25773 | D:10     | Reached skill level 1 in Crossbows
 26051 | D:11     | Reached XP level 15. HP: 136/136 MP: 17/17
 26234 | D:11     | Found a runed translucent gate.
 26234 | D:11     | Found a runed translucent gate.
 26234 | D:11     | Found a runed translucent gate.
 26237 | D:11     | Noticed sqayer666's ghost (novice MfGl)
 26252 | D:11     | Killed sqayer666's ghost
 26289 | D:11     | Received a gift from Okawaru
 26326 | D:11     | Noticed Grum
 26328 | D:11     | Killed Grum
 28763 | D:14     | Found an opulent altar of Gozag.
 29012 | D:14     | Noticed Azrael
 29056 | D:14     | Killed Azrael
 29056 | D:14     | Reached skill level 16 in Shields
 29194 | D:14     | Noticed Louise
 29210 | D:14     | Reached skill level 5 in Crossbows
 29233 | D:14     | Killed Louise
 29408 | D:14     | Noticed Rupert
 29439 | D:14     | Killed Rupert
 29714 | D:14     | Reached skill level 5 in Stealth
 29949 | D:14     | Found a gate to the Vaults.
 30700 | D:15     | Entered Level 15 of the Dungeon
 30838 | D:15     | Reached skill level 17 in Shields
 31054 | D:15     | Received a gift from Okawaru
 31357 | D:15     | Found a staircase to the Depths.
 33044 | Swamp:3  | Reached XP level 16. HP: 119/145 MP: 18/18
 33224 | Swamp:3  | Reached skill level 18 in Shields
 34237 | Swamp:4  | Entered Level 4 of the Swamp
 34948 | Swamp:4  | Noticed a thorn hunter
 34961 | Swamp:4  | Killed a thorn hunter
 35142 | Swamp:4  | Reached skill level 5 in Invocations
 35325 | Swamp:4  | Reached skill level 19 in Shields
 35402 | Swamp:4  | Received a gift from Okawaru
 35592 | Swamp:4  | Received a gift from Okawaru
 35720 | Swamp:4  | Noticed a thorn hunter
 35729 | Swamp:4  | Killed a thorn hunter
 36364 | Swamp:4  | Identified the +9 long sword of Megalomania {flame, Str+2
                  | Int+3 Dex-5}
 36685 | Swamp:4  | Got a decaying rune of Zot
 36806 | Swamp:4  | Reached skill level 20 in Shields
 36819 | Swamp:4  | Received a gift from Okawaru
 37213 | Orc:2    | Bought a shiny crystal plate armour for 2158 gold pieces
 37288 | D:9      | Gained mutation: You are dopey. (Int -2) [mutagenic glow]
 37475 | Snake:1  | Received a gift from Okawaru
 37486 | Snake:1  | Got a polished fustibalus {god gift}
 37487 | Snake:1  | Identified the +9 fustibalus "Fokhleog" {vorpal, rC+ Str+4
                  | Dex+4} (Okawaru gifted it to you on level 1 of the Snake
                  | Pit)
 37827 | Snake:1  | Reached skill level 10 in Crossbows
 37936 | Snake:1  | Reached XP level 17. HP: 154/154 MP: 20/20
 38017 | Snake:1  | Reached skill level 15 in Maces & Flails
 38251 | Snake:1  | Found an ornate altar of the Wu Jian Council.
 38430 | Snake:1  | Received a gift from Okawaru
 38774 | Snake:1  | Identified a scroll of acquirement
 38774 | Snake:1  | Acquired a manual of Maces & Flails
 38880 | Snake:2  | Noticed Kirke
 38910 | Snake:2  | Reached skill level 15 in Fighting
 38926 | Snake:2  | Reached skill level 21 in Shields
 38928 | Snake:2  | Received a gift from Okawaru
 38975 | Snake:2  | Killed Kirke
 39107 | Snake:2  | Received a gift from Okawaru
 39570 | Snake:2  | Found Packiedd's Gadget Boutique.
 39570 | Snake:2  | Found Rehol's Antique Weapon Shop.
 40770 | Snake:3  | Received a gift from Okawaru
 40785 | Snake:3  | Got an emerald-studded ring mail {god gift}
 41087 | Snake:3  | Found a blossoming altar of Fedhas.
 41752 | Snake:3  | Identified the +1 ring mail "Utyuri" {rPois rN+ rCorr
                  | Str+4} (Okawaru gifted it to you on level 3 of the Snake
                  | Pit)
 41813 | Snake:4  | Entered Level 4 of the Snake Pit
 42767 | Snake:4  | Noticed Aizul
 42801 | Snake:4  | Killed Aizul
 42801 | Snake:4  | Reached XP level 18. HP: 74/163 MP: 21/21
 43699 | Snake:4  | Reached skill level 22 in Shields
 43804 | Snake:4  | Noticed Vashnia
 44401 | Snake:4  | Received a gift from Okawaru
 44609 | Snake:4  | Killed Vashnia
 44704 | Snake:4  | Received a gift from Okawaru
 44844 | Snake:4  | Got a serpentine rune of Zot
 45286 | Vaults:1 | Entered Level 1 of the Vaults
 45853 | Vaults:1 | Got a heavily runed brass ring
 45855 | Vaults:1 | Identified the ring "Nienkole" {+Inv rN+ MP+9 Int+6} (You
                  | found it on level 1 of the Vaults)
 46216 | Vaults:1 | Received a gift from Okawaru
 46335 | Vaults:1 | Received a gift from Okawaru
 46478 | Vaults:1 | Received a gift from Okawaru
 46883 | Vaults:1 | Reached skill level 23 in Shields
 46883 | Vaults:1 | Reached XP level 19. HP: 91/172 MP: 22/22
 47515 | Vaults:1 | Received a gift from Okawaru
 47683 | Vaults:1 | Received a gift from Okawaru
 48228 | Vaults:1 | Received a gift from Okawaru
 48659 | Vaults:2 | Received a gift from Okawaru
 49536 | Vaults:2 | Reached skill level 24 in Shields
 49926 | Vaults:2 | Found a staircase to the Crypt.
 50090 | Vaults:2 | Reached XP level 20. HP: 184/184 MP: 24/24
 50363 | Vaults:2 | Received a gift from Okawaru
 50366 | Vaults:2 | Got a crude mace {god gift}
 50367 | Vaults:2 | Identified the +8 mace of Vutopt {venom, +Fly rN+ MR+ MP+9}
                  | (Okawaru gifted it to you on level 2 of the Vaults)
 51034 | Vaults:3 | Reached skill level 15 in Armour
 51079 | Vaults:3 | Found Lidimypi's Gadget Shop.
 51718 | Vaults:3 | Found Voagappoa's Assorted Antiques.
 51745 | Vaults:3 | Found Gaduq's Weapon Shoppe.
 51999 | Vaults:3 | Found Zuqa Vuv's Jewellery Shop.
 52235 | Vaults:3 | Found Tuoxaw's Food Shoppe.
 52281 | Vaults:3 | Noticed Sojobo
 52341 | Vaults:3 | Killed Sojobo
 52341 | Vaults:3 | Received a gift from Okawaru
 52816 | Vaults:3 | Received a gift from Okawaru
 53279 | Vaults:4 | Noticed Margery
 53320 | Vaults:4 | Killed Margery
 53341 | Vaults:4 | Reached skill level 25 in Shields
 53912 | Vaults:4 | Received a gift from Okawaru
 53961 | Vaults:4 | Killed from afar by an ogre mage

Illustrated notes

Levels and vault maps discovered:
D:1:      lordsloth_arrival_two_stooges, layout_basic
D:2:      layout_rooms, kiku_gazebo_garden_becter, nemelex_altar_shiori,
          trog_three_pillars_becter, uniq_jessica, uniq_robin, uniq_natasha
D:3:      layout_loops_corners, marbit_many_paths, lemuel_round_altar,
          first_ration, uniq_terence
D:4:      layout_cave_pools, serial_undead, serial_undead_f, serial_undead_a,
          serial_undead_b, serial_undead_b, serial_undead_a, serial_undead_a,
          kennysheep_nondescript, okawaru_ov_weapons_minmay
D:5:      layout_cave_pods, vehumet_altar_wand_db, doesnt_xom_only_xom,
          minmay_temple_entry_purple_smoke, uniq_duvessa, uniq_pikel
D:6:      layout_loops_ring, tgw_sif, lemuel_crystal_altar, serial_shops, shop
D:7:      layout_loops_cross, dancing_weapons_uskayaw
D:8:      layout_gridville, kennysheep_mini_moat, lair_entry_dummy,
          abandoned_shop, uniq_prince_ribbit1
D:9:      layout_roguey, lemuel_coloured_pillars_altar,
          overflow_temple_1_default, lemuel_round_altar, orc_0_dummy,
          enter_bailey_2, minivault_28, uniq_harold
D:10:     layout_roguey
D:11:     layout_cross, gammafunk_ghost_spectres, uniq_grum
D:12:     layout_irregular_city
D:13:     layout_stronghold
D:14:     layout_gridville, david_vaults_4, old_standard_altar, david_nohive_1,
          minivault_5, uniq_rupert, uniq_azrael, uniq_louise
D:15:     grunt_enter_depths_magical_seal, layout_loops_ring,
          chequers_mini_garden
Lair:1:   layout_roguey, infiniplex_staircase_pool_2, grunt_megastairs_1,
          minmay_lair_oklob_chamber
Lair:2:   layout_chaotic_city, minmay_holes, uniq_nergalle
Lair:3:   beast_lair_carwin_large_2, layout_chaotic_city,
          guppyfry_snake_entry_island
Lair:4:   layout_gridlike, nicolae_swamp_entry_splash_gauntlet
Lair:5:   layout_hall_layers
Lair:6:   cheibrodos_lair_end_hotspot, layout_cave_pods, slime_dummy,
          kennysheep_abandoned_house
Swamp:1:  layout_falls_marsh, evilmike_swamp_ruin_rubble_1, swamp_pool5,
          cheibrodos_swamp_kobolds
Swamp:2:  layout_falls_marsh, evilmike_swamp_ruin_rubble_2,
          infiniplex_staircase_pool
Swamp:3:  cheibrodos_swamp_heart_of_darkness, layout_basic_swamp,
          evilmike_swamp_ruin_house_2
Swamp:4:  swamp, layout_basic_swamp, nicolae_swamp_very_dense_foliage
Snake:1:  layout_rooms, drop_trap, grunt_ministairs_15, lemuel_oklob_altar,
          grunt_megastairs_3
Snake:2:  layout_layer_cave, minmay_shoptagon, uniq_kirke
Snake:3:  layout_honeycomb, basic_altar
Snake:4:  snake_pit, layout_basic, serial_shops, bzr_entry_dummy, uniq_vashnia,
          uniq_aizul
Orc:1:    layout_diamond_mine, nicolae_orc_lost_temple
Orc:2:    st_orc_town, layout_caves
Vaults:1: hangedman_vaults_hat, v_misc_26, nicolae_vaults_stairing_the_circle,
          hangedman_vaults_capsules, v_misc_12, vaults_dpeg_doors,
          dpeg_vaults_pockets_of_resistance, vaults_standard_mumra_x,
          nicolae_vaults_diagonal_hallway_7, v_misc_14, vaults_room_octagon,
          nicolae_vaults_little_squares_2, layout_vaults_omnibox
Vaults:2: nicolae_vaults_little_squares_1, nicolae_vaults_theta,
          minmay_crypt_entry_vampire_xt, hangedman_vaults_cutoff,
          ontoclasm_vaults_pinch, ontoclasm_vaults_shout, grunt_vaults_bifocal,
          v_misc_16, nicolae_vaults_asterisk, nicolae_vaults_ring_of_whatevers,
          vaults_room_pools, layout_vaults_maze_snakey
Vaults:3: v_misc_1, dpeg_vaults_monster_row, nicolae_vaults_three_branches,
          vaults_dpeg_spiral, hangedman_vaults_river_flow, vaults_room_fours,
          vaults_standard_mumra_enter_the_diamond, nicolae_vaults_asterisk,
          layout_vaults_omnigrid, serial_shops, nicolae_shop_waterfront, shop,
          nicolae_shop_statue_plus, nicolae_shop_trees, shop, uniq_sojobo
Vaults:4: st_cross, vaults_room_large_hall, v_pattern_5, grunt_vaults_diagonal,
          hangedman_vaults_snaps, grunt_vaults_focal, hangedman_vaults_corner,
          ontoclasm_vaults_ring_large, nicolae_vaults_what_the_h,
          layout_vaults_big_room, serial_shops, nicolae_shop_stone,
          uniq_margery, uniq_saint_roka

Skill      XL: |  1  2  3  4  5  6  7  8  9 10 11 12 13 14 15 16 17 18 19 20 |
---------------+-------------------------------------------------------------+-----
Shields        | 4 5 6 7 8 9 11 12 13 15 17 20 21 23 24 25 | 25.1
Fighting       | 4 5 6 7 8 9 10 12 13 14 15 16 17 18 | 18.0
Armour         | 4 5 6 7 8 9 10 11 12 13 14 15 | 15.3
Maces & Flails | 3 4 5 7 8 9 10 11 13 14 15 16 17 18 | 18.3
Dodging        | 1 2 4 5 6 7 8 |  8.0
Slings         | 1 3 6 8 10 11 12 | 12.2
Invocations    | 1 2 3 4 5 6 7 |  7.7
Stealth        | 1 2 5 |  5.8
Crossbows      | 2 7 10 11 12 13 14 | 14.8
Unarmed Combat | |  0.8

Action                   |  1- 3 |  4- 6 |  7- 9 | 10-12 | 13-15 | 16-18 | 19-21 || total
-------------------------+-------+-------+-------+-------+-------+-------+-------++-------
Melee: Flail             |    70 |   154 |   146 |     8 |       |       |       ||   378
       Headbutt          |     3 |    26 |    65 |   198 |   590 |   610 |   384 ||  1876
       Whip              |       |       |   158 |   283 |       |       |       ||   441
       Mace              |       |       |       |   226 |  1529 |  1706 |  1156 ||  4617
       Hand crossbow     |       |       |       |       |     1 |       |       ||     1
       Unarmed           |       |       |       |       |       |    10 |       ||    10
 Fire: Hunting sling     |       |       |   202 |   205 |   347 |       |       ||   754
       Hand crossbow     |       |       |       |       |   310 |   395 |   330 ||  1035
       Fustibalus        |       |       |       |       |       |    97 |       ||    97
Throw: Stone             |       |     1 |     1 |       |       |       |       ||     2
Invok: Heroism           |       |       |     1 |    23 |    60 |    46 |    22 ||   152
       Finesse           |       |       |       |       |    15 |    19 |    12 ||    46
Evoke: Wand              |       |       |       |     1 |     1 |       |     1 ||     3
  Use: Scroll            |       |     5 |    10 |     8 |    13 |    14 |     3 ||    53
       Potion            |       |       |       |     1 |     8 |     4 |     1 ||    14
 Stab: Petrified         |       |       |       |     3 |       |       |       ||     3
       Confused          |       |       |       |       |     4 |     1 |       ||     5
       Distracted        |       |       |       |       |       |     1 |       ||     1
  Eat: Chunk             |       |     5 |    14 |    11 |    40 |    16 |    16 ||   102
       Ration            |       |       |     1 |     4 |     4 |     8 |     2 ||    19
Armor: Scale mail        |    27 |    31 |       |       |       |       |       ||    58
       Skin              |    14 |       |       |       |       |       |       ||    14
       Chain mail        |       |    31 |    82 |   111 |     3 |       |       ||   227
       Plate armour      |       |       |       |       |   256 |   242 |       ||   498
       Fire dragon scale |       |       |       |       |     8 |       |       ||     8
       Crystal plate arm |       |       |       |       |       |   313 |   302 ||   615
Dodge: Dodged            |    20 |    56 |    60 |   141 |   332 |   474 |   170 ||  1253
Block: Kite shield       |    44 |   102 |   197 |   421 |  1347 |   545 |       ||  2656
       Reflection        |       |       |     8 |     1 |    82 |   187 |    66 ||   344
       Tower shield      |       |       |       |       |       |  1543 |  1227 ||  2770
